 Dungeon Crawl Stone Soup version 0.29-a0-397-g846e4a0bbc (webtiles) character file.

Game seed: 10545590536503467294

60 zeratav the Digger (level 4, -1/27 HPs)
             Began as an Octopode Earth Elementalist on May 12, 2022.
             Asphyxiated
             ... on level 3 of the Dungeon.
             The game lasted 00:02:15 (2209 turns).

zeratav the Digger (Octopode Earth Elementalist)    Turns: 2209, Time: 00:02:16

Health: -1/27      AC:  3    Str:  7    XL:     4   Next: 6%
Magic:  6/8        EV: 13    Int: 19    God:
Gold:   166        SH:  0    Dex: 12    Spells: 7/8 levels left

rFire   . . .      SeeInvis +   c - +0 whip {mace}
rCold   . . .      Faith    .   (no shield)
rNeg    . . .      Spirit   .   j - +2 hat
rPois   .          Reflect  .   (no amulet)
rElec   .          Harm     .   n - ring of see invisible
rCorr   .          Rampage  .   (no ring)
Will    .....                   (no ring)
Stlth   +++.......              (no ring)
HPRegen 0.09/turn               (no ring)
MPRegen 0.11/turn               (no ring)
                                (no ring)
                                (no ring)

@: lethally poisoned (-1 -> -19), slowed, very slow
A: almost no armour, amphibious, 8 rings, camouflage 1, gelatinous body 1,
(nimble swimmer 1), tentacles
a: no special abilities


You were on level 3 of the Dungeon.
You visited 1 branch of the dungeon, and saw 3 of its levels.

You collected 166 gold pieces.


Innate Abilities, Weirdness & Mutations

You cannot wear most types of armour.
You are amphibious.
You can wear up to eight rings at the same time.
Your skin changes colour to match your surroundings (Stealth+).
Your rubbery body absorbs attacks. (AC +1, EV +1)
((You are camouflaged when in or above water. (Stealth+)))
You have tentacles for arms and can constrict up to eight enemies at once.


   Skills:
 - Level 2.0 Dodging
 - Level 2.6 Stealth
 + Level 2.7 Spellcasting
 - Level 1.0 Transmutations
 * Level 4.3 Earth Magic


You had 7 spell levels left.
You knew the following spells:

 Your Spells              Type           Power      Damage    Failure   Level
a - Sandblast             Erth           38%        2d10      2%          1

Your spell library contained the following spells:

 Spells                   Type           Power      Damage    Failure   Level
 Passwall                 Tmut/Erth      10%        N/A       8%          2
 Stone Arrow              Conj/Erth      20%        3d8       19%         3
 Petrify                  Tmut/Erth      12%        N/A       45%         4

Inventory:

Hand Weapons
 c - a +0 whip (weapon) {mace}
   (You found it on level 1 of the Dungeon)
Missiles
 a - 36 stones {throwing}
Armour
 j - a +2 hat (worn)
   (You found it on level 1 of the Dungeon)
Jewellery
 n - a ring of see invisible (left tentacle)
   (You found it on level 2 of the Dungeon)
 s - the amulet "Zyomit" {Faith rC+ Int+8}
   (You found it on level 3 of the Dungeon)

   [amulet of faith]

   It allows you to gain divine favour quickly.
   Int:       It affects your intelligence (+8).
   rC:        It protects you from cold.
Scrolls
 g - a scroll of amnesia {unknown}
 h - a scroll of enchant weapon {unknown}
 m - a scroll of torment {unknown}
 r - a scroll of teleportation {unknown}
Potions
 b - a potion of magic
 d - a potion of cancellation {unknown}
 e - a potion of flight {unknown}
 f - 3 potions of degeneration {unknown}
 i - a potion of attraction {unknown}
 k - 2 potions of mutation {unknown}
 l - a potion of brilliance {unknown}
 o - a potion of lignification {unknown}
 p - a potion of invisibility {unknown}
 q - a potion of haste {unknown}

Dungeon Overview and Level Annotations

Branches:
Dungeon (3/15)

Altars:

.. .. #. 8 #. #8
#[####### # #.
#.......#### .
#?8#######.....^....'
...#..#.!..###........##
.........[......##....##
....)K.@...####.##....##
(..........# #.##....##
...<..!....# .......###
...[.......# #.......###
############ #.......#..
#.......#.[ ##+######..
#.. .######..


You could see a kobold brigand.


Message History

Confirm with . or Enter, or press ? or * to list all spells.
Okay, then.
You hit the orc.
You kill the orc!
The orc misses you.
You have reached level 4!
HP[+3] MP[+1]
You now have 27 max hp (+6).
You regained 3 hp, and now have 15/27 hp.
Your mp is fully restored (8).
Casting: Sandblast (safe; 2% risk of failure)
Confirm with . or Enter, or press ? or * to list all spells.
Aiming: Sandblast (safe; 2% risk of failure)
Press: ? - help, Shift-Dir - straight line, f - orc
Aim: an orc, wielding a +0 hand axe (79% to hit)
The blast of sand misses the orc.
The orc closely misses you.
MP[-1]
You lost 1 mp, and now have 7/8 mp.
You completely miss the orc. You grab the orc. You squeeze the orc.
You kill the orc!
Things that are here:
a +0 hand axe {axe}; an orc corpse; HP[+1]
r - a scroll labelled IPSUTE NILETH You start resting.
MP[+1]
Your mp is fully restored (8).
You start resting.
HP[+11]
Your hp is fully restored (27).
You open the door.
There is an open door here.
You now have 159 gold pieces (gained 11).
You now have 166 gold pieces (gained 7).
You open the door.
There is an open door here.
s - the amulet "Zyomit" {Faith rC+ Int+8} A kobold brigand comes into view.
It is wielding a +0 dagger and quivering curare-tipped darts.
Unknown command.
Found a pair of boots.
Found an escape hatch in the ceiling.
The kobold brigand shouts!
The kobold brigand throws a curare-tipped dart.
The curare-tipped dart hits you.
You are poisoned.
You have difficulty breathing.
You feel yourself slow down.
HP[-6]
You take 6 damage, and now have 21/27 hp.
MASSIVE DAMAGE!! (PAUSE)
You feel sick.
A goblin comes into view. It is wielding a +0 dagger.
The kobold brigand throws a curare-tipped dart.
The curare-tipped dart barely misses you.
HP[-2]
You take 2 damage, and now have 19/27 hp.
Casting: Sandblast (safe; 2% risk of failure)
Confirm with . or Enter, or press ? or * to list all spells.
You can't see any susceptible monsters within range! (Use Z to cast anyway.)
Aiming: Sandblast (safe; 2% risk of failure)
Press: ? - help, Q - select action, (/) - cycle Shift-Dir - straight line, f - you That would be overly suicidal.
Okay, then.
Unknown command.
You feel sick.
The kobold brigand throws a curare-tipped dart.
The curare-tipped dart misses you.
HP[-2]
You take 2 damage, and now have 17/27 hp.
Casting: Sandblast (safe; 2% risk of failure)
Confirm with . or Enter, or press ? or * to list all spells.
Aiming: Sandblast (safe; 2% risk of failure)
Press: ? - help, Shift-Dir - straight line, f - kobold brigand
Aim: a kobold brigand, wielding a +0 dagger and quivering curare-tipped darts (74% to hit)
The blast of sand hits the kobold brigand.
The goblin shouts!
You feel sick.
The kobold brigand throws a curare-tipped dart.
The curare-tipped dart hits you.
You are lethally poisoned!
You have difficulty breathing.
* * * LOW HITPOINT WARNING * * *
You feel as though you will be slow longer.
HP[-7] MP[-1]
You take 7 damage, and now have 10/27 hp.
MASSIVE DAMAGE!! (PAUSE)
You lost 1 mp, and now have 7/8 mp.
Casting: Sandblast (safe; 2% risk of failure)
Confirm with . or Enter, or press ? or * to list all spells.
Aiming: Sandblast (safe; 2% risk of failure)
Press: ? - help, Shift-Dir - straight line, f/p - kobold brigand
Aim: a kobold brigand, wielding a +0 dagger and quivering curare-tipped darts (lightly wounded, 74% to hit)
The blast of sand misses the kobold brigand.
The blast of sand hits the goblin!
You kill the goblin!
* * * LOW HITPOINT WARNING * * *
You feel very sick.
The kobold brigand throws a curare-tipped dart.
The curare-tipped dart hits you.
You are more poisoned.
You have difficulty breathing.
You die...

Skill      XL: |  1  2  3 |
---------------+----------+-----
Earth Magic    | 4 |  4.3
Dodging        | |  2.0
Stealth        | |  2.6
Spellcasting   | |  2.7
Transmutations | |  1.0

Action                   |  1- 3 |  4- 6 || total
-------------------------+-------+-------++-------
Melee: Whip              |    86 |     1 ||    87
       Constrict         |    22 |     1 ||    23
       Tentacles         |    11 |     1 ||    12
       Punch             |     2 |       ||     2
 Cast: Sandblast         |    15 |     3 ||    18
 Stab: Sleeping          |    10 |       ||    10
Armor: Skin              |    15 |       ||    15
Dodge: Dodged            |    73 |     3 ||    76

Levels and vault maps discovered:
D:1:      dreamdust_arrival_beginning_and_end, layout_basic, fountainhead,
          hex_tiny, minmay_misc_feat_rows, minmay_misc_feat_alley
D:2:      layout_basic, dreamdust_ecumenical_altar_angels_and_demons,
          minmay_misc_feat_more_columns
D:3:      layout_basic, chequers_decorated_corner

Notes
Turn   | Place    | Note
-------+----------+-------------------------------------------
     0 | D:1      | zeratav the Octopode Earth Elementalist began the quest for
                  | the Orb.
     0 | D:1      | Reached XP level 1. HP: 11/11 MP: 3/3
     0 | D:1      | magus.rc [v1.9.6]
   185 | D:1      | Reached XP level 2. HP: 17/17 MP: 3/5
  1103 | D:2      | Reached XP level 3. HP: 21/21 MP: 6/6
  1547 | D:2      | Reached skill level 4 in Earth Magic
  1689 | D:2      | Found a faded altar of an unknown god.
  2029 | D:3      | Reached XP level 4. HP: 15/27 MP: 8/8
  2189 | D:3      | Identified the amulet "Zyomit" {Faith rC+ Int+8}
  2203 | D:3      | Noticed a kobold brigand
  2209 | D:3      | HP: 4/27 [poisoned by a kobold brigand (curare-tipped
                  | dart)]
  2209 | D:3      | Asphyxiated

Vanquished Creatures
  An adder (D:2)
  A worm (D:2)
  2 dart slugs
  3 orcs (D:3)
  4 ball pythons
  3 endoplasms
  5 goblins
  5 hobgoblins
  2 quokkas
  4 bats
  2 frilled lizards (D:2)
  3 kobolds
  5 rats
40 creatures vanquished.

Table legend:
 A = Non-vault XP
 B = Vault XP
 C = Vault XP percentage of total XP
 D = Non-vault monster count
 E = Vault monster count
 F = Vault count percentage of total count
                 A         B        C        D         E       F
            +---------+---------+-------+---------+---------+-------
      Total |      89 |       0 |   0.0 |      40 |       0 |   0.0
            +---------+---------+-------+---------+---------+-------
        D:1 |      28 |       0 |   0.0 |      16 |       0 |   0.0
        D:2 |      43 |       0 |   0.0 |      16 |       0 |   0.0
        D:3 |      18 |       0 |   0.0 |       8 |       0 |   0.0
            +---------+---------+-------+---------+---------+-------

Illustrated notes

Table legend:
 A = Kills in this place as a percentage of kills in entire the game.
 B = Kills by you in this place as a percentage of kills by you in the entire game.
 C = Kills by friends in this place as a percentage of kills by friends in the entire game.
 D = Other kills in this place as a percentage of other kills in the entire game.
 E = Experience gained in this place as a percentage of experience gained in the entire game.
 F = Experience gained in this place divided by the number of levels of this place that you have seen.
                   A       B       C       D       E      F
               +-------+-------+-------+-------+-------+----------------------
         Total | 100.0 | 100.0 |   N/A |   N/A | 100.0 |  29.7
       Dungeon | 100.0 | 100.0 |   N/A |   N/A | 100.0 |  29.7
               +-------+-------+-------+-------+-------+----------------------

Table legend: (Time is in decaauts)
 A = Elapsed time spent in this place.
 B = Non-inter-level travel time spent in this place.
 C = Inter-level travel time spent in this place.
 D = Time resting spent in this place.
 E = Time spent auto-exploring this place.
 F = Levels seen in this place.
 G = Mean time per level.
                   A        B        C        D        E       F      G
               +--------+--------+--------+--------+--------+-----+--------+
         Total |   2217 |   2187 |     30 |    432 |   1428 |   3 |  739.0 |
       Dungeon |   2217 |   2187 |     30 |    432 |   1428 |   3 |  739.0 |
               +--------+--------+--------+--------+--------+-----+--------+

Top non-repeatable levels by time:
     D:1: 1031 daAuts
     D:2: 796 daAuts
     D:3: 389 daAuts
